 Dungeon Crawl Stone Soup version 0.27-a0-988-g25969acef8 (webtiles) character file.

Game seed: 3818135366091315328

126 harryhousin the Covered (level 5, 0/55 HPs)
             Began as a Gnoll Wanderer on Apr 15, 2021.
             Was a Priest of Cheibriados.
             Slain by a gnoll
             ... wielding a +0 spear
              (2 damage)
             ... on level 3 of the Dungeon.
             The game lasted 00:11:23 (2376 turns).

harryhousin the Covered (Gnoll Wanderer)            Turns: 2376, Time: 00:11:24

Health: 0/55       AC: 22    Str: 20    XL:     5   Next: 9%
Magic:  7/7        EV:  2    Int: 16    God:    Cheibriados [***...]
Gold:   80         SH:  0    Dex: 17    Spells: 6/6 levels left

rFire    . . .     SeeInvis .   b - +0 shortbow
rCold    . . .     Faith    .   (shield currently unavailable)
rNeg     + + +     Spirit   .   (armour currently unavailable)
rPois    +         Reflect  .   (helmet currently unavailable)
rElec    .         Harm     .   (cloak currently unavailable)
rCorr    .         Rampage  .   (gloves currently unavailable)
Will     .....     NoTele   +   (boots currently unavailable)
Stlth    ++........             (no amulet)
HPRegen  0.18/turn              (no ring)
MPRegen  0.10/turn              (no ring)

@: tree-form (expiring), very slow
A: stationary, stasis, torment immunity, boosted hp, (fangs 1), strong nose,
distributed training
a: Renounce Religion, Bend Time, Temporal Distortion


You were on level 3 of the Dungeon.
You worshipped Cheibriados.
Cheibriados was most pleased with you.
You were a tree.
You visited 1 branch of the dungeon, and saw 3 of its levels.

You collected 80 gold pieces.

Inventory:

Hand Weapons
 b - a +0 shortbow (weapon)
 j - a +0 whip
Missiles
 c - 43 arrows (quivered ammo)
Armour
 d - a +0 ring mail (melded)
 e - a +0 kite shield
Scrolls
 f - a scroll of identify
Potions
 i - a potion of curing


   Skills:
 + Level 1.3 Fighting
 + Level 1.3 Short Blades
 + Level 1.3 Long Blades
 + Level 1.3 Axes
 + Level 4.7 Maces & Flails
 + Level 1.3 Polearms
 + Level 1.3 Staves
 + Level 1.3 Slings
 + Level 6.6 Bows
 + Level 1.3 Crossbows
 + Level 2.9 Throwing
 + Level 6.6 Armour
 + Level 1.3 Dodging
 + Level 1.3 Stealth
 + Level 2.9 Shields
 + Level 1.3 Unarmed Combat
 + Level 1.3 Spellcasting
 + Level 1.1 Conjurations
 + Level 1.1 Hexes
 + Level 1.1 Summonings
 + Level 1.1 Necromancy
 + Level 1.1 Translocations
 + Level 1.1 Transmutations
 + Level 1.1 Fire Magic
 + Level 1.1 Ice Magic
 + Level 1.1 Air Magic
 + Level 1.1 Earth Magic
 + Level 1.1 Poison Magic
 + Level 1.5 Invocations
 + Level 1.3 Evocations


You had 6 spell levels left.
You didn't know any spells.
Your spell library contained the following spells:

 Spells                   Type           Power      Damage    Failure   Level
 Animate Skeleton         Necr           8%         N/A       14%         1
 Magic Dart               Conj           16%        1d3       14%         1
 Pain                     Necr           16%        1d4       14%         1
 Searing Ray              Conj           8%         3d3       22%         2
 Dazzling Flash           Conj/Hex       8%         N/A       38%         3
 Vampiric Draining        Necr           2%         2d6       38%         3
 Animate Dead             Necr           2%         N/A       80%         4
 Fulminant Prism          Conj/Hex       2%         3d6       80%         4
 Iskenderun's Mystic Bla  Conj/Tloc      4%         2d3       80%         4
 Agony                    Necr           4%         N/A       98%         5


Dungeon Overview and Level Annotations

Branches:
Dungeon (3/15)

Altars:
Cheibriados
Qazlal
Yredelemnul

Shops:
D:2 [


Innate Abilities, Weirdness & Mutations

You are a tree.
Your roots penetrate the ground, keeping you stationary.
You cannot be teleported.
You are immune to unholy pain and torment.
Your maximum health is greatly increased.
Your equipment is partially melded.
((You have very sharp teeth.))
Your uncanny sense of smell can sniff out nearby items.
Your experience applies equally to all skills.


Message History

You can't wield that with a shield.
You cannot move.
You block the gnoll's attack.
Keep disrobing?
Uppercase [Y]es or [N]o only, please.
Keep disrobing?
You start removing your armour.
You continue taking off your +0 kite shield.
Your transformation is almost over.
You block the gnoll's attack.
You continue taking off your +0 kite shield.
You block the gnoll's attack.
You continue taking off your +0 kite shield.
The gnoll hits you but does no damage.
You continue taking off your +0 kite shield.
The gnoll hits you from afar with a +0 spear.
* * * LOW HITPOINT WARNING * * *
You finish taking off your +0 kite shield.
b - a +0 shortbow (weapon)
The gnoll hits you but does no damage.
You are too injured to fight recklessly!
Fire: 46 arrows
Press: ? - help, Q - select action, (/) - cycle Shift-Dir - straight line, f - gnoll
Aim: a gnoll, wielding a +0 spear (66% to hit)
You shoot an arrow. The arrow hits the gnoll.
The gnoll is moderately wounded.
The gnoll hits you from afar with a +0 spear.
* * * LOW HITPOINT WARNING * * *
Fire: 45 arrows
Press: ? - help, Q - select action, (/) - cycle Shift-Dir - straight line, f/p - gnoll
Aim: a gnoll, wielding a +0 spear (moderately wounded, 66% to hit)
You shoot an arrow. The arrow barely misses the gnoll.
The gnoll hits you but does no damage.
Fire: 44 arrows
Press: ? - help, Q - select action, (/) - cycle Shift-Dir - straight line, f/p - gnoll
Aim: a gnoll, wielding a +0 spear (moderately wounded, 66% to hit)
You shoot an arrow. The arrow hits the gnoll.
The gnoll is severely wounded.
The gnoll hits you from afar with a +0 spear.
You die...

...................
#.###....##......
...##....##.....
.........###.###..
####..............
##.##...#.#### #.
###.#.# #.
##...##### #.
#....♣)g.#
#[.######........
....# ##.......
∆..### ....... .
....... .......
....... .......


You could see a gnoll.

Vanquished Creatures
  An orc wizard (D:3)
  2 gnolls (D:3)
  2 adders
  2 dart slugs (D:1)
  2 orcs (D:3)
  3 endoplasms
  4 giant cockroaches
  3 goblins
  2 hobgoblins
  7 jackals (D:3)
  3 quokkas
  5 ball pythons
  5 bats
  6 frilled lizards
  3 kobolds
  6 rats
56 creatures vanquished.

Notes
Turn   | Place    | Note
-------+----------+-------------------------------------------
     0 | D:1      | harryhousin the Gnoll Wanderer began the quest for the Orb.
     0 | D:1      | harryhousin set off with the following items: a +0 club, a
                  | +0 shortbow, 28 arrows, a +0 ring mail, a +0 kite shield
     0 | D:1      | Reached XP level 1. HP: 13/13 MP: 1/1
   383 | D:1      | Found a faded altar of an unknown god.
   404 | D:1      | Reached XP level 2. HP: 15/19 MP: 2/2
   408 | D:1      | Became a worshipper of Cheibriados the Contemplative
   408 | D:1      | Reached * piety under Cheibriados
  1081 | D:2      | Found Qiyclel's Armour Emporium.
  1092 | D:2      | Reached XP level 3. HP: 20/25 MP: 3/3
  1133 | D:2      | Reached ** piety under Cheibriados
  1316 | D:2      | Reached skill level 1 in Invocations
  1647 | D:3      | Found a stormy altar of Qazlal.
  1663 | D:3      | Reached skill level 1 in Fighting
  1663 | D:3      | Reached skill level 1 in Short Blades
  1663 | D:3      | Reached skill level 1 in Long Blades
  1663 | D:3      | Reached skill level 1 in Axes
  1663 | D:3      | Reached skill level 1 in Polearms
  1663 | D:3      | Reached skill level 1 in Staves
  1663 | D:3      | Reached skill level 1 in Slings
  1663 | D:3      | Reached skill level 1 in Crossbows
  1663 | D:3      | Reached skill level 1 in Dodging
  1663 | D:3      | Reached skill level 1 in Stealth
  1663 | D:3      | Reached skill level 1 in Unarmed Combat
  1663 | D:3      | Reached skill level 1 in Spellcasting
  1663 | D:3      | Reached skill level 1 in Evocations
  1950 | D:3      | Reached XP level 4. HP: 30/32 MP: 5/5
  2077 | D:3      | Found a basalt altar of Yredelemnul.
  2136 | D:3      | Reached skill level 1 in Conjurations
  2136 | D:3      | Reached skill level 1 in Hexes
  2136 | D:3      | Reached skill level 1 in Summonings
  2136 | D:3      | Reached skill level 1 in Necromancy
  2136 | D:3      | Reached skill level 1 in Translocations
  2136 | D:3      | Reached skill level 1 in Transmutations
  2136 | D:3      | Reached skill level 1 in Fire Magic
  2136 | D:3      | Reached skill level 1 in Ice Magic
  2136 | D:3      | Reached skill level 1 in Air Magic
  2136 | D:3      | Reached skill level 1 in Earth Magic
  2136 | D:3      | Reached skill level 1 in Poison Magic
  2310 | D:3      | Reached *** piety under Cheibriados
  2338 | D:3      | Reached XP level 5. HP: 7/37 MP: 5/7
  2374 | D:3      | HP: 2/55 [gnoll/+0 spear (1)]
  2376 | D:3      | Slain by a gnoll

Illustrated notes

Levels and vault maps discovered:
D:1:      wander_arrival_desolate, layout_loops_ring, basic_ecumenical_altar
D:2:      layout_rooms, serial_shops, shop
D:3:      layout_rooms, lemuel_tele_altar, lemuel_doored_altar

Skill      XL: |  1  2  3  4 |
---------------+-------------+-----
Invocations    | 1 |  1.5
Fighting       | 1 |  1.3
Short Blades   | 1 |  1.3
Long Blades    | 1 |  1.3
Axes           | 1 |  1.3
Polearms       | 1 |  1.3
Staves         | 1 |  1.3
Slings         | 1 |  1.3
Crossbows      | 1 |  1.3
Dodging        | 1 |  1.3
Stealth        | 1 |  1.3
Unarmed Combat | 1 |  1.3
Spellcasting   | 1 |  1.3
Evocations     | 1 |  1.3
Conjurations   | 1 |  1.1
Hexes          | 1 |  1.1
Summonings     | 1 |  1.1
Necromancy     | 1 |  1.1
Translocations | 1 |  1.1
Transmutations | 1 |  1.1
Fire Magic     | 1 |  1.1
Ice Magic      | 1 |  1.1
Air Magic      | 1 |  1.1
Earth Magic    | 1 |  1.1
Poison Magic   | 1 |  1.1
Maces & Flails | |  4.7
Bows           | |  6.6
Throwing       | |  2.9
Armour         | |  6.6
Shields        | |  2.9

Action                   |  1- 3 |  4- 6 || total
-------------------------+-------+-------++-------
Melee: Whip              |   143 |   111 ||   254
       Bite              |    11 |     9 ||    20
       Club              |     4 |       ||     4
 Fire: Shortbow          |       |     3 ||     3
  Use: Potion            |     2 |     1 ||     3
       Scroll            |       |     3 ||     3
Armor: Ring mail         |    71 |    55 ||   126
       Skin              |       |    29 ||    29
Dodge: Dodged            |    56 |    49 ||   105
Block: Kite shield       |    67 |    77 ||   144

Table legend: (Time is in decaauts)
 A = Elapsed time spent in this place.
 B = Non-inter-level travel time spent in this place.
 C = Inter-level travel time spent in this place.
 D = Time resting spent in this place.
 E = Time spent auto-exploring this place.
 F = Levels seen in this place.
 G = Mean time per level.
                   A        B        C        D        E       F      G
               +--------+--------+--------+--------+--------+-----+--------+
         Total |   2792 |   2709 |     83 |    688 |   1116 |   3 |  930.7 |
       Dungeon |   2792 |   2709 |     83 |    688 |   1116 |   3 |  930.7 |
               +--------+--------+--------+--------+--------+-----+--------+

Top non-repeatable levels by time:
     D:1: 1209 daAuts
     D:3: 839 daAuts
     D:2: 744 daAuts
